TOP OF THE 1ST |
Dayton Dragons batting - Pitching for Hartford Yard Goats : RHP Logan Ramsey
|
Pitching: RHP Logan Ramsey
|
|
Batting: LHB Ralph Braine
|
0-0: Fly out, F7 (Flyball, 7D, EV 93.8 MPH)
|
Batting: LHB Chris Redhead
|
0-0: Called Strike 0-1: Ball 1-1: Ball 2-1: Ball 3-1: DOUBLE (Flyball, 8RXD, EV 91.9 MPH)
|
Batting: SHB Jaivata Mohanty
|
0-0: Ball 1-0: Foul Ball, location: 2F 1-1: Ball 2-1: Foul Ball, location: 2F 2-2: Ball 3-2: Base on Balls
|
Batting: RHB Randy Grewe
|
0-0: Called Strike 0-1: SINGLE (Groundball, 6MD, EV 107.5 MPH) Chris Redhead to third Jaivata Mohanty to second
|
Batting: RHB Juan Zamora
|
0-0: DOUBLE (Line Drive, 7LS, EV 105.6 MPH) Chris Redhead scores Jaivata Mohanty scores Randy Grewe to third Runner from 3rd tries for Home, SAFE, throw by LF to home
|
Batting: RHB Alex de Leon
|
0-0: Ball 1-0: Called Strike 1-1: Swinging Strike 1-2: Foul Ball, location: 2F 1-2: Ball 2-2: Foul Ball, location: 2F 2-2: Foul Ball, location: 2F 2-2: Ball 3-2: Foul Ball, location: 2F 3-2: Base on Balls
|
Batting: RHB Armando Moz
|
0-0: Called Strike 0-1: Ball 1-1: Ball 2-1: Ball 3-1: Called Strike 3-2: Base on Balls Juan Zamora to third Alex de Leon to second
|
Batting: RHB Nick Cottrell
|
0-0: Ball 1-0: Ground out 6-3 (Groundball, P, EV 76.9 MPH) Juan Zamora scores Alex de Leon to third Armando Moz to second
|
Batting: RHB John Hopkins
|
0-0: Called Strike 0-1: Foul Ball, location: 2F 0-2: Ball 1-2: Ball 2-2: Ball 3-2: Foul Ball, location: 2F 3-2: Base on Balls
|
Batting: LHB Ralph Braine
|
0-0: Fly out, F8 (Line Drive, 8RM, EV 98.8 MPH)
|
Top of the 1st over - 4 runs, 3 hits, 0 errors, 3 left on base; Dayton 4 - Hartford 0 |
BOTTOM OF THE 1ST |
Hartford Yard Goats batting - Pitching for Dayton Dragons : RHP Narciso Umbelino
|
Pitching: RHP Narciso Umbelino
|
|
Batting: RHB John Stevenson
|
0-0: Ball 1-0: Called Strike 1-1: Ball 2-1: Ball 3-1: Base on Balls
|
Batting: RHB Doug D'Onofrio
|
0-0: Ball 1-0: Ground out 6-3 (Groundball, 6S, EV 64.4 MPH) John Stevenson to second
|
Batting: RHB Chris Osting
|
0-0: Called Strike 0-1: Foul Ball, location: 2F 0-2: Ground out 6-3 (Groundball, 6, EV 105.0 MPH)
|
Batting: LHB Jason Ryan
|
0-0: Ground out 4-3 (Groundball, 4, EV 91.9 MPH)
|
Bottom of the 1st over - 0 runs, 0 hits, 0 errors, 1 left on base; Dayton 4 - Hartford 0 |
TOP OF THE 2ND |
Dayton Dragons batting - Pitching for Hartford Yard Goats : RHP Logan Ramsey
|
Batting: LHB Chris Redhead
|
0-0: Foul Ball, location: 2F 0-1: Foul Ball, location: 2F 0-2: Ball 1-2: Foul Ball, location: 2F 1-2: Ball 2-2: Ball 3-2: Base on Balls
|
Batting: SHB Jaivata Mohanty
|
0-0: Ball 1-0: Ball 2-0: Called Strike 2-1: Foul Ball, location: 2F 2-2: Strikes out swinging
|
Batting: RHB Randy Grewe
|
0-0: Grounds into double play, 6-4-3 (Groundball, 6, EV 82.5 MPH)
|
Top of the 2nd over - 0 runs, 0 hits, 0 errors, 0 left on base; Dayton 4 - Hartford 0 |
BOTTOM OF THE 2ND |
Hartford Yard Goats batting - Pitching for Dayton Dragons : RHP Narciso Umbelino
|
Batting: RHB Ray Insley
|
0-0: Foul Ball, location: 2F 0-1: DOUBLE (Line Drive, 7LM, EV 107.5 MPH)
|
Batting: SHB Brad Madden
|
0-0: Ball 1-0: Ball 2-0: Called Strike 2-1: Called Strike 2-2: Strikes out looking
|
Batting: RHB Carlos de Jesus
|
0-0: Ball 1-0: Ball 2-0: Called Strike 2-1: Foul Ball, location: 2F 2-2: Ball 3-2: SINGLE (Groundball, 4MD, EV 106.9 MPH) Ray Insley to third Runner from 3rd tries for Home, throw by CF and OUT! 8-2 Carlos de Jesus to second
|
Batting: RHB Chris Kinder
|
0-0: Ball 1-0: Called Strike 1-1: Ground out 6-3 (Groundball, 6, EV 83.8 MPH)
|
Bottom of the 2nd over - 0 runs, 2 hits, 0 errors, 1 left on base; Dayton 4 - Hartford 0 |
TOP OF THE 3RD |
Dayton Dragons batting - Pitching for Hartford Yard Goats : RHP Logan Ramsey
|
Batting: RHB Juan Zamora
|
0-0: Ball 1-0: Fly out, F9 (Flyball, 9LD, EV 80.6 MPH)
|
Batting: RHB Alex de Leon
|
0-0: Called Strike 0-1: Foul Ball, location: 2F 0-2: Foul Ball, location: 2F 0-2: Ball 1-2: Strikes out swinging
|
Batting: RHB Armando Moz
|
0-0: Ball 1-0: Called Strike 1-1: Ground out 5-3 (Groundball, 56, EV 85.0 MPH)
|
Top of the 3rd over - 0 runs, 0 hits, 0 errors, 0 left on base; Dayton 4 - Hartford 0 |
BOTTOM OF THE 3RD |
Hartford Yard Goats batting - Pitching for Dayton Dragons : RHP Narciso Umbelino
|
Batting: RHB Willie Benito
|
0-0: Called Strike 0-1: Ball 1-1: Ball 2-1: Foul Ball, location: 2F 2-2: Ball 3-2: Foul Ball, location: 2F 3-2: Foul Ball, location: 2F 3-2: DOUBLE (Flyball, 8RXD, EV 103.1 MPH)
|
Batting: RHB John Stevenson
|
0-0: Called Strike 0-1: Foul Ball, location: 2F 0-2: Ball 1-2: Ground out 6-3 (Groundball, 6MD, EV 103.1 MPH) Willie Benito to third
|
Batting: RHB Doug D'Onofrio
|
0-0: Ball 1-0: Ball 2-0: Called Strike 2-1: Swinging Strike 2-2: Ball 3-2: Base on Balls
|
Batting: RHB Chris Osting
|
0-0: TRIPLE (Flyball, 9D, EV 94.4 MPH) Willie Benito scores Doug D'Onofrio scores
|
Batting: LHB Jason Ryan
|
0-0: Called Strike 0-1: Fly out, F8 (Flyball, 78S, EV 88.1 MPH)
|
Batting: RHB Ray Insley
|
0-0: Foul Ball, location: 2F 0-1: SINGLE (Line Drive, 78M, EV 105.6 MPH) Chris Osting scores
|
Batting: SHB Brad Madden
|
0-0: Ground out 4-3 (Groundball, 4D, EV 109.4 MPH)
|
Bottom of the 3rd over - 3 runs, 3 hits, 0 errors, 1 left on base; Dayton 4 - Hartford 3 |
TOP OF THE 4TH |
Dayton Dragons batting - Pitching for Hartford Yard Goats : RHP Logan Ramsey
|
Batting: RHB Nick Cottrell
|
0-0: Called Strike 0-1: Ground out 5-3 (Groundball, 56S, EV 81.9 MPH)
|
Batting: RHB John Hopkins
|
0-0: Fly out, F8 (Flyball, 8LM, EV 88.1 MPH)
|
Batting: LHB Ralph Braine
|
0-0: Ball 1-0: Ground out 5-3 (Groundball, 5S, EV 67.5 MPH)
|
Top of the 4th over - 0 runs, 0 hits, 0 errors, 0 left on base; Dayton 4 - Hartford 3 |
BOTTOM OF THE 4TH |
Hartford Yard Goats batting - Pitching for Dayton Dragons : RHP Narciso Umbelino
|
Batting: RHB Carlos de Jesus
|
0-0: Swinging Strike 0-1: Swinging Strike 0-2: Foul Ball, location: 2F 0-2: Ball 1-2: Foul Ball, location: 2F 1-2: Strikes out swinging
|
Batting: RHB Chris Kinder
|
0-0: Ball 1-0: Ball 2-0: Ball 3-0: Base on Balls
|
Batting: RHB Willie Benito
|
0-0: Ball 1-0: Ball 2-0: Foul Ball, location: 2F 2-1: Called Strike 2-2: Strikes out swinging
|
Batting: RHB John Stevenson
|
0-0: Swinging Strike 0-1: Ball 1-1: SINGLE (Groundball, 56D, EV 108.1 MPH) Chris Kinder to second
|
Batting: RHB Doug D'Onofrio
|
0-0: Ball 1-0: Ball 2-0: Ball 3-0: Base on Balls Chris Kinder to third John Stevenson to second
|
Batting: RHB Chris Osting
|
0-0: Called Strike 0-1: Foul Ball, location: 2F 0-2: Ball 1-2: SINGLE (Groundball, 56D, EV 103.8 MPH) Chris Kinder scores John Stevenson to third Doug D'Onofrio to second Runner from 3rd tries for Home, SAFE, throw by LF to home
|
Batting: LHB Jason Ryan
|
0-0: Ball 1-0: Fly out, F7 (Flyball, 7, EV 85.0 MPH)
|
Bottom of the 4th over - 2 runs, 2 hits, 0 errors, 2 left on base; Dayton 4 - Hartford 5 |
TOP OF THE 5TH |
Dayton Dragons batting - Pitching for Hartford Yard Goats : RHP Logan Ramsey
|
Batting: LHB Chris Redhead
|
0-0: Foul Ball, location: 2F 0-1: Ground out 4-3 (Groundball, 4, EV 85.6 MPH)
|
Batting: SHB Jaivata Mohanty
|
0-0: Foul Ball, location: 2F 0-1: Foul Ball, location: 2F 0-2: Ball 1-2: Ball 2-2: Foul Ball, location: 2F 2-2: Foul Ball, location: 2F 2-2: Ball 3-2: Ground out 4-3 (Groundball, 4, EV 81.2 MPH)
|
Batting: RHB Randy Grewe
|
0-0: Ball 1-0: Swinging Strike 1-1: Ball 2-1: Foul Ball, location: 2F 2-2: Fly out, F8 (Flyball, 8RD, EV 105.6 MPH)
|
Top of the 5th over - 0 runs, 0 hits, 0 errors, 0 left on base; Dayton 4 - Hartford 5 |
BOTTOM OF THE 5TH |
Hartford Yard Goats batting - Pitching for Dayton Dragons : RHP Narciso Umbelino
|
Batting: RHB Ray Insley
|
0-0: Foul Ball, location: 2F 0-1: Ball 1-1: Called Strike 1-2: Ball 2-2: Ball 3-2: Strikes out swinging, 2-3 out at first.
|
Batting: SHB Brad Madden
|
0-0: Fly out, F7 (Flyball, 78S, EV 91.2 MPH)
|
Batting: RHB Carlos de Jesus
|
0-0: Called Strike 0-1: Swinging Strike 0-2: Ball 1-2: Ball 2-2: Ground out 6-3 (Groundball, 6, EV 100.0 MPH)
|
Bottom of the 5th over - 0 runs, 0 hits, 0 errors, 0 left on base; Dayton 4 - Hartford 5 |
TOP OF THE 6TH |
Dayton Dragons batting - Pitching for Hartford Yard Goats : RHP Logan Ramsey
|
Pitching: RHP Tanner Brazeal
|
|
Batting: RHB Juan Zamora
|
0-0: Ball 1-0: SINGLE (Line Drive, 5D, EV 97.5 MPH)
|
Batting: RHB Alex de Leon
|
0-0: Called Strike 0-1: Foul Ball, location: 2F 0-2: Strikes out swinging
|
Batting: RHB Armando Moz
|
0-0: Ball Juan Zamora steals 2nd base 1-0: Called Strike 1-1: Swinging Strike 1-2: DOUBLE (Flyball, 89XD, EV 102.5 MPH) Juan Zamora scores
|
Batting: RHB Nick Cottrell
|
0-0: Ball 1-0: Ball 2-0: Foul Ball, location: 2F 2-1: Ground out 6-3 (Groundball, 6, EV 96.9 MPH)
|
Batting: RHB John Hopkins
|
0-0: Ball 1-0: DOUBLE (Line Drive, 7LD, EV 99.4 MPH) Armando Moz scores
|
Batting: LHB Ralph Braine
|
0-0: Called Strike John Hopkins steals 3rd base (no throw) 0-1: SINGLE (Groundball, 4MD, EV 96.2 MPH) John Hopkins scores
|
Pitching: LHP Domenic Wells
|
|
Batting: LHB Chris Redhead
|
0-0: Called Strike 0-1: Called Strike 0-2: Ball 1-2: Strikes out looking
|
Top of the 6th over - 3 runs, 4 hits, 0 errors, 1 left on base; Dayton 7 - Hartford 5 |
BOTTOM OF THE 6TH |
Hartford Yard Goats batting - Pitching for Dayton Dragons : RHP Narciso Umbelino
|
Pitching: RHP Gabe Gutierrez
|
|
Batting: RHB Chris Kinder
|
0-0: Called Strike 0-1: Foul Ball, location: 2F 0-2: Ball 1-2: Foul Ball, location: 2F 1-2: Foul Ball, location: 2F 1-2: Ball 2-2: Strikes out looking
|
Batting: RHB Willie Benito
|
0-0: Ball 1-0: Foul Ball, location: 2F 1-1: Foul Ball, location: 2F 1-2: SINGLE (Groundball, 56D, EV 94.4 MPH)
|
Batting: RHB John Stevenson
|
0-0: Called Strike 0-1: Ball 1-1: Foul Ball, location: 2F 1-2: Foul Ball, location: 2F 1-2: Fly out, F6 (Popup, 6, EV 57.5 MPH)
|
Batting: RHB Doug D'Onofrio
|
0-0: Called Strike 0-1: Foul Ball, location: 2F 0-2: Fly out, F9 (Flyball, 89S, EV 89.4 MPH)
|
Bottom of the 6th over - 0 runs, 1 hit, 0 errors, 1 left on base; Dayton 7 - Hartford 5 |
TOP OF THE 7TH |
Dayton Dragons batting - Pitching for Hartford Yard Goats : LHP Domenic Wells
|
Batting: SHB Jaivata Mohanty
|
0-0: Ball 1-0: Ball 2-0: Ball 3-0: Base on Balls
|
Batting: RHB Randy Grewe
|
0-0: Swinging Strike 0-1: Swinging Strike 0-2: Ball 1-2: Strikes out swinging
|
Batting: RHB Juan Zamora
|
0-0: Ball 1-0: Called Strike 1-1: Swinging Strike 1-2: Ball 2-2: Strikes out swinging
|
Batting: RHB Alex de Leon
|
0-0: Swinging Strike 0-1: Foul Ball, location: 2F 0-2: Foul Ball, location: 2F 0-2: Fielders Choice at 2nd, 5-4 (Groundball, 56, EV 101.2 MPH)
|
Top of the 7th over - 0 runs, 0 hits, 0 errors, 1 left on base; Dayton 7 - Hartford 5 |
BOTTOM OF THE 7TH |
Hartford Yard Goats batting - Pitching for Dayton Dragons : RHP Gabe Gutierrez
|
Pitching: LHP Hiroshi Mukae
|
|
Batting: RHB Chris Osting
|
0-0: Called Strike 0-1: Foul Ball, location: 2F 0-2: Strikes out looking
|
Pinch Hitting: RHB Wali Mulogo
|
0-0: Ball 1-0: Foul Ball, location: 2F 1-1: Ground out 6-3 (Groundball, 6, EV 90.0 MPH)
|
Batting: RHB Ray Insley
|
0-0: Ball 1-0: Fly out, F8 (Flyball, 8LM, EV 90.6 MPH)
|
Bottom of the 7th over - 0 runs, 0 hits, 0 errors, 0 left on base; Dayton 7 - Hartford 5 |
TOP OF THE 8TH |
Dayton Dragons batting - Pitching for Hartford Yard Goats : LHP Domenic Wells
|
Pitching: RHP Alex McKinstry
|
|
Now at 1B: Wali Mulogo
|
|
Batting: RHB Armando Moz
|
0-0: Ball 1-0: Foul Ball, location: 2F 1-1: Called Strike 1-2: SOLO HOME RUN (Flyball, 78XD, EV 103.8 MPH), Distance : 429 ft
|
Batting: RHB Nick Cottrell
|
0-0: Swinging Strike 0-1: Foul Ball, location: 2F 0-2: Ball 1-2: Ball 2-2: SINGLE (Groundball, 34D, EV 101.9 MPH)
|
Batting: RHB John Hopkins
|
0-0: Ball 1-0: Sac Bunt to 13 - play at first, batter OUT! 1-3 Nick Cottrell to second
|
Batting: LHB Ralph Braine
|
0-0: Ball 1-0: Ball 2-0: Called Strike 2-1: Ball 3-1: Base on Balls
|
Batting: LHB Chris Redhead
|
0-0: Ball 1-0: Swinging Strike 1-1: Ball 2-1: Ball 3-1: Called Strike 3-2: Base on Balls Nick Cottrell to third Ralph Braine to second
|
Batting: SHB Jaivata Mohanty
|
0-0: Called Strike 0-1: Foul Ball, location: 2F 0-2: Ball 1-2: SINGLE (Groundball, 4M, EV 94.4 MPH) Nick Cottrell scores Ralph Braine to third Chris Redhead to second Runner from 3rd tries for Home, SAFE, throw by CF to home
|
Pitching: RHP Jerry Dunne
|
|
Batting: RHB Randy Grewe
|
0-0: Ball 1-0: Foul Ball, location: 2F 1-1: Swinging Strike 1-2: Fielders Choice at 2nd, 6-4 (Groundball, 6S, EV 88.1 MPH) Chris Redhead to third
|
Batting: RHB Juan Zamora
|
0-0: Ball 1-0: Ball Randy Grewe steals 2nd base (no throw) 2-0: Called Strike 2-1: Foul Ball, location: 2F 2-2: Ball 3-2: Strikes out swinging
|
Top of the 8th over - 3 runs, 3 hits, 0 errors, 2 left on base; Dayton 10 - Hartford 5 |
BOTTOM OF THE 8TH |
Hartford Yard Goats batting - Pitching for Dayton Dragons : LHP Hiroshi Mukae
|
Batting: SHB Brad Madden
|
0-0: Ball 1-0: Ball 2-0: Ball 3-0: Foul Ball, location: 2F 3-1: DOUBLE (Line Drive, 7LS, EV 108.8 MPH)
|
Batting: RHB Carlos de Jesus
|
0-0: Ground out 6-3 (Groundball, 6, EV 108.8 MPH)
|
Batting: RHB Chris Kinder
|
0-0: Ball 1-0: Foul Ball, location: 2F 1-1: Called Strike 1-2: Ball 2-2: SINGLE (Line Drive, 8RS, EV 91.9 MPH) Brad Madden to third
|
Batting: RHB Willie Benito
|
0-0: Swinging Strike 0-1: Ball 1-1: SINGLE (Line Drive, 9LS, EV 93.1 MPH) Brad Madden scores Chris Kinder to second
|
Batting: RHB John Stevenson
|
0-0: Ball 1-0: Called Strike 1-1: Swinging Strike 1-2: Strikes out looking
|
Batting: RHB Doug D'Onofrio
|
0-0: SINGLE (Groundball, 56D, EV 97.5 MPH) Chris Kinder to third Willie Benito to second Runner from 3rd tries for Home, SAFE, throw by LF to home
|
Batting: RHB Chris Osting
|
0-0: Fielders Choice at 2nd, 6-4 (Groundball, 6, EV 75.6 MPH)
|
Bottom of the 8th over - 2 runs, 4 hits, 0 errors, 2 left on base; Dayton 10 - Hartford 7 |
TOP OF THE 9TH |
Dayton Dragons batting - Pitching for Hartford Yard Goats : RHP Jerry Dunne
|
Pitching: RHP Wilson Mendez
|
|
Batting: RHB Alex de Leon
|
0-0: Swinging Strike 0-1: Foul Ball, location: 2F 0-2: Ball 1-2: Strikes out swinging
|
Batting: RHB Armando Moz
|
0-0: Called Strike 0-1: Ball 1-1: Called Strike 1-2: Strikes out looking
|
Batting: RHB Nick Cottrell
|
0-0: Foul Ball, location: 2F 0-1: SINGLE (Groundball, 34D, EV 100.0 MPH)
|
Batting: RHB John Hopkins
|
0-0: Called Strike 0-1: Ball 1-1: Ball 2-1: Foul Ball, location: 2F 2-2: Strikes out swinging
|
Top of the 9th over - 0 runs, 1 hit, 0 errors, 1 left on base; Dayton 10 - Hartford 7 |
BOTTOM OF THE 9TH |
Hartford Yard Goats batting - Pitching for Dayton Dragons : LHP Hiroshi Mukae
|
Pitching: RHP Kevin Larner
|
|
Now at 1B: Drew Forbess
|
|
Now at 2B: Juan Zamora
|
|
Now at 3B: Nick Cottrell
|
|
Now in LF: Jon Marquez
|
|
Now in CF: Pat Mage
|
|
Batting: RHB Wali Mulogo
|
0-0: Called Strike 0-1: Called Strike 0-2: Ball 1-2: Foul Ball, location: 2F 1-2: Ball 2-2: Ball 3-2: Foul Ball, location: 2F 3-2: Strikes out swinging
|
Batting: RHB Ray Insley
|
0-0: Ball 1-0: Fly out, F7 (Flyball, 7LM, EV 86.2 MPH)
|
Batting: SHB Brad Madden
|
0-0: Ball 1-0: Called Strike 1-1: Ground out 3-1 (Groundball, 34, EV 102.5 MPH)
|
Bottom of the 9th over - 0 runs, 0 hits, 0 errors, 0 left on base; Dayton 10 - Hartford 7 |
|